AoeStats
← Navix de los Bosques de Lituania

Black Forest

506319341Analyzed
3v3 RM · 18d ago on Sep 13, 2026· 61m 48s· 6 players
Game mode
Random Map
Map size
Normal (6 player)
Population
200
Speed
Normal
Resources
Standard
Victory
Conquest
Starting age
Dark Age
Ending age
Imperial Age
RankedLock teamsTeams togetherTeam positionsShared explorationLock speedFull tech treeHidden civsTurbo modeCheats
Victory
Defeat
🇧🇷 Mongols · Brazil
858
+11
🇨🇴 Italians · Colombia
747
+15
🇨🇴 Byzantines · Colombia
746
+16
🇨🇴 Persians · Colombia
761
-15
734
-14
🇦🇺 Bohemians · Australia
725
-13
ARV-070
3:05 Loom
11:47 Feudal Age
12:13 Double-Bit Axe
13:08 Wheelbarrow
12:23 Horse Collar
25:40 Fletching
26:02 Forging
28:23 Castle Age
28:10 Arson
28:38 Padded Archer Armor
29:53 Hand Cart
30:20 Bodkin Arrow
31:27 Gold Mining
31:29 Stone Mining
31:51 Bow Saw
31:37 Stone Mining
33:22 Thumb Ring
33:39 Town Watch
37:49 Imperial Age
36:19 Ballistics
35:41 Treadmill Crane
36:18 Masonry
38:03 Stone Shaft Mining
38:21 Heavy Plow
39:35 Chemistry
39:07 Architecture
39:14 Conscription
40:04 Town Patrol
41:58 Husbandry
42:11 Bloodlines
41:28 Elite Genoese Crossbowman
42:08 Arrowslits
42:16 Heated Shot
45:16 Crop Rotation
45:51 Two-Man Saw
45:47 Silk Road
46:28 Leather Archer Armor
46:16 Bracer
48:32 Leather Archer Armor
48:53 Iron Casting
48:24 Scale Barding Armor
50:41 Ring Archer Armor
49:58 Light Cavalry
52:00 Blast Furnace
52:26 Hussar
53:57 Chain Barding Armor
59:07 Plate Barding Armor
mr.falla2016
0:34 Loom
13:38 Feudal Age
24:17 Castle Age
27:55 Double-Bit Axe
27:55 Horse Collar
33:01 Wheelbarrow
39:20 Hand Cart
40:45 Treadmill Crane
41:26 Ballistics
48:52 Imperial Age
50:31 Scale Barding Armor
50:37 Forging
51:38 Scale Mail Armor
51:52 Husbandry
51:13 Light Cavalry
51:17 Cavalier
52:29 Gold Mining
52:30 Stone Mining
53:07 Murder Holes
56:51 Gold Shaft Mining
56:51 Stone Shaft Mining
58:00 Iron Casting
57:45 Chain Barding Armor
60:17 Chemistry
60:25 Conscription
KatituWanted
0:37 Loom
10:46 Feudal Age
11:14 Double-Bit Axe
19:10 Castle Age
30:41 Gold Mining
31:05 Bow Saw
35:49 Imperial Age
34:50 Horse Collar
35:03 Stone Mining
35:53 Gold Shaft Mining
35:22 Husbandry
35:15 Fletching
35:26 Padded Archer Armor
35:38 Forging
36:17 Wheelbarrow
36:09 Elite Mangudai
37:16 Conscription
39:32 Chemistry
39:37 Leather Archer Armor
39:18 Bodkin Arrow
40:04 Iron Casting
41:39 Bracer
42:41 Blast Furnace
41:57 Leather Archer Armor
41:48 Scale Barding Armor
41:56 Scale Barding Armor
41:33 Capped Ram
42:53 Siege Ram
46:26 Chain Barding Armor
48:44 Ballistics
48:35 Masonry
48:27 Scale Mail Armor
47:52 Elite Steppe Lancer
49:28 Drill
50:55 Bloodlines
50:09 Light Cavalry
51:33 Nomads
62:34 Chain Mail Armor
62:56 Hoardings
Navix de los Bosques de Lituania
5:12 Loom
12:42 Feudal Age
12:48 Man-at-Arms
13:14 Arson
15:11 Scale Mail Armor
15:21 Forging
16:06 Long Swordsman
22:19 Double-Bit Axe
22:25 Gold Mining
22:19 Horse Collar
23:42 Wheelbarrow
28:26 Castle Age
27:18 Fletching
27:28 Padded Archer Armor
28:52 Two-Handed Swordsman
30:47 Hand Cart
31:22 Bow Saw
33:38 Stone Mining
34:24 Gold Shaft Mining
34:22 Heavy Plow
35:30 Masonry
36:46 Ballistics
38:08 Fortified Wall
38:07 Elite Skirmisher
42:21 Imperial Age
40:02 Caravan
42:09 Leather Archer Armor
41:49 Bodkin Arrow
42:11 Chain Mail Armor
45:21 Chemistry
47:37 Squires
47:23 Gambesons
48:17 Iron Casting
48:13 Plate Mail Armor
48:14 Ring Archer Armor
47:45 Bracer
56:36 Champion
Derzer
6:56 Loom
9:37 Feudal Age
13:30 Arson
14:21 Man-at-Arms
21:43 Double-Bit Axe
22:42 Forging
22:36 Scale Mail Armor
23:58 Bloodlines
25:56 Forging
26:05 Horse Collar
32:12 Castle Age
31:32 Town Watch
32:46 Long Swordsman
33:42 Bow Saw
33:34 Heavy Plow
34:16 Iron Casting
34:37 Caravan
35:26 Husbandry
34:47 Light Cavalry
35:32 Gambesons
36:48 Wheelbarrow
36:19 Gold Mining
37:17 Town Patrol
38:25 Coinage
39:22 Gold Shaft Mining
38:46 Stone Mining
39:43 Fervor
39:55 Chain Mail Armor
40:20 Stone Shaft Mining
43:26 Imperial Age
42:04 Scale Barding Armor
45:36 Heavy Camel Rider
48:08 Chain Barding Armor
48:48 Blast Furnace
47:49 Pikeman
48:29 Squires
48:58 Conscription
49:15 Hoardings
50:25 Cavalier
51:45 Plate Barding Armor
56:02 Savar
THENEYK
15:02 Feudal Age
19:50 Castle Age
22:34 Town Watch
26:53 Double-Bit Axe
27:49 Wagenburg Tactics
33:01 Wheelbarrow
36:59 Imperial Age
37:51 Hand Cart
39:25 Chemistry
38:47 Ballistics
44:14 Bow Saw
50:32 Houfnice
52:38 Fortified Wall
56:13 Cavalier
56:54 Husbandry
Connection lost

Rejoining the realm…

Still unreachable

The connection could not be restored.

Session expired

The server has moved on; the page needs a fresh start.